 Dungeon Crawl Stone Soup version 0.29.1-13-g9f3cf754e1 (webtiles) character file.

Game seed: 7382916173951507930

193 EarthwalkerPL the Trooper (level 5, -8/48 HPs)
             Began as a Minotaur Fighter on Jan 21, 2023.
             Mangled by Edmund
             ... wielding a +0 vorpal dire flail
              (10 damage)
             ... on level 3 of the Dungeon.
             The game lasted 00:03:09 (3087 turns).

EarthwalkerPL the Trooper (Minotaur Fighter)        Turns: 3087, Time: 00:03:10

Health: -8/48      AC:  9    Str: 23    XL:     5   Next: 43%
Magic:  4/4        EV:  9    Int:  5    God:
Gold:   263        SH:  4    Dex:  9    Spells: 4/4 levels left

rFire   . . .      SeeInvis .   a - +0 war axe
rCold   . . .      Faith    .   c - +0 buckler
rNeg    . . .      Spirit   .   b - +0 scale mail
rPois   .          Reflect  .   w - +2 hat
rElec   .          Harm     .   (no cloak)
rCorr   .          Rampage  .   (no gloves)
Will    .....                   (no boots)
Stlth   ..........              (no amulet)
HPRegen 0.16/turn               (no ring)
MPRegen 0.09/turn               (no ring)

@: no status effects
A: horns 2, retaliatory headbutt
a: no special abilities


You were on level 3 of the Dungeon.
You visited 1 branch of the dungeon, and saw 4 of its levels.

You collected 263 gold pieces.

Inventory:

Hand Weapons
 a - a +0 war axe (weapon)
Missiles
 g - 6 poisoned darts (quivered)
 l - 3 boomerangs
 v - 4 atropa-tipped darts
Armour
 b - a +0 scale mail (worn)
 c - a +0 buckler (worn)
 w - a +2 hat (worn)
Jewellery
 p - an amulet of the acrobat
Scrolls
 f - 2 scrolls of enchant armour {unknown}
 h - 2 scrolls of amnesia {unknown}
 i - a scroll of teleportation {unknown}
 m - a scroll of immolation {unknown}
 n - a scroll of magic mapping {unknown}
 r - 2 scrolls of identify {unknown}
 t - a scroll of fear {unknown}
 y - a scroll of fog {unknown}
Potions
 d - a potion of might
 e - 4 potions of flight {unknown}
 j - a potion of attraction {unknown}
 k - a potion of cancellation {unknown}
 o - 2 potions of curing {unknown}
 q - a potion of mutation {unknown}
 s - 2 potions of magic {unknown}
 u - a potion of degeneration {unknown}
 x - a potion of heal wounds {unknown}


   Skills:
 * Level 5.1 Fighting
 * Level 4.1 Axes
 * Level 5.0 Armour
 + Level 4.3 Shields


You had 4 spell levels left.
You didn't know any spells.
Your spell library contained the following spells:

 Spells                   Type           Power      Damage    Failure   Level
 Apportation              Tloc           0%         N/A       86%         1
 Tukima's Dance           Hex            0%         N/A       99%         3
 Passage of Golubria      Tloc           0%         N/A       100%        4
 Alistair's Intoxication  Tmut/Pois      0%         N/A       100%        5
 Yara's Violent Unravell  Hex/Tmut       0%         3d3       100%        5


Dungeon Overview and Level Annotations

Branches:
Dungeon (4/15)
 Temple: D:4-7

Altars:

Annotations:
D:3 Edmund


Innate Abilities, Weirdness & Mutations

You have a pair of horns on your head.
You reflexively headbutt those who attack you in melee.


Message History

You hit Edmund but do no damage. You closely miss the kobold.
You block the kobold's attack. Edmund barely misses you.
You hit Edmund but do no damage. You closely miss the kobold.
The kobold hits you but does no damage.
Edmund hits you with a +0 vorpal dire flail.
You are too injured to fight recklessly!
You hit Edmund.
Edmund is lightly wounded.
You hit the kobold. The kobold barely misses you.
Edmund hits you with a +0 vorpal dire flail.
The kobold completely misses you. Edmund closely misses you.
You furiously retaliate!
You headbutt Edmund. You slash Edmund!
Edmund is moderately wounded.
You slash the kobold!
You kill the kobold!
Edmund hits you with a +0 vorpal dire flail.
* * * LOW HITPOINT WARNING * * *
x2 You hit Edmund.
You headbutt Edmund.
Edmund is heavily wounded.
Edmund hits you with a +0 vorpal dire flail.
* * * LOW HITPOINT WARNING * * *
x2 You barely miss Edmund.
Your headbutt misses Edmund.
Edmund is heavily wounded.
Edmund barely misses you. Edmund hits you but does no damage.
You slash Edmund!
Edmund is severely wounded.
Edmund closely misses you.
You closely miss Edmund.
Edmund is severely wounded.
Edmund hits you but does no damage.
You hit Edmund but do no damage.
Edmund is severely wounded.
Edmund hits you with a +0 vorpal dire flail!
* * * LOW HITPOINT WARNING * * *
x2 Edmund misses you.
You furiously retaliate!
You headbutt Edmund. You barely miss Edmund.
Edmund is almost dead.
Edmund hits you with a +0 vorpal dire flail!
You die...

.....#.###.## ##.#.##
####.#.##...###### ##.##
.....#.#.........# #.#
######.#....####.# #.#
.....#......####.######.#
####.#.#.#..............#
.....#.#.#...###.########
######.#.#.#####)#
.......#.......@@#
####..####.####### ####.##
#.# ......## #.#
#####..###.#
#####.#.##.###### #######
...#.###........# #.....#
.#..## ##...###.#####.....#
...#.###..................#


You could see Edmund.

Vanquished Creatures
  An orc priest (D:2)
  3 gnolls (D:2)
  6 adders
  2 worms
  A dart slug (D:1)
  4 orcs (D:2)
  4 endoplasms
  3 giant cockroaches
  7 goblins
  5 hobgoblins
  5 jackals
  3 quokkas
  5 ball pythons
  4 bats
  5 frilled lizards
  8 kobolds
  5 rats
71 creatures vanquished.

Notes
Turn   | Place    | Note
-------+----------+-------------------------------------------
     0 | D:1      | EarthwalkerPL the Minotaur Fighter began the quest for the
                  | Orb.
     0 | D:1      | Reached XP level 1. HP: 19/19 MP: 0/0
   106 | D:1      | Reached XP level 2. HP: 21/27 MP: 1/1
  1009 | D:2      | Reached XP level 3. HP: 26/33 MP: 2/2
  1018 | D:2      | Reached XP level 4. HP: 24/41 MP: 3/3
  1258 | D:2      | Found a faded altar of an unknown god.
  1499 | D:2      | Reached XP level 5. HP: 47/47 MP: 4/4
  2215 | D:3      | Reached skill level 5 in Fighting
  3011 | D:4      | Noticed Edmund
  3018 | D:3      | Reached skill level 5 in Armour
  3086 | D:3      | HP: 1/48 [Edmund/+0 vorpal dire flail (2)]
  3087 | D:3      | Mangled by Edmund

Illustrated notes

Levels and vault maps discovered:
D:1:      minmay_arrival_up_and_down, layout_basic
D:2:      layout_loops_ring, ebering_ecumenical_altar_mist
D:3:      layout_loops_corners, minivault_27
D:4:      layout_loops_ring, gammafunk_temple_overflow_statue,
          hangedman_minor_gate_pass, uniq_eustachio, uniq_edmund, uniq_ijyb

Skill      XL: |  1  2  3  4  5 |
---------------+----------------+-----
Armour         | 4 5 |  5.0
Fighting       | 4 5 |  5.1
Axes           | 3 4 |  4.1
Shields        | 4 |  4.3

Action                   |  1- 3 |  4- 6 || total
-------------------------+-------+-------++-------
Melee: War axe           |    56 |    92 ||   148
       Headbutt          |     7 |    12 ||    19
Armor: Scale mail        |    33 |    45 ||    78
Dodge: Dodged            |    18 |    44 ||    62
Block: Buckler           |    25 |    24 ||    49
